 Dungeon Crawl Stone Soup version 0.22.1 (webtiles) character file.

55 MalarOregon the Chopper (level 3, -2/30 HPs)
             Began as a Hill Orc Skald on Sept 17, 2018.
             Killed by divine providence
             ... invoked by an orc priest
              (8 damage)
             ... on level 2 of the Dungeon.
             The game lasted 00:03:04 (1340 turns).

MalarOregon the Chopper (Hill Orc Skald)            Turns: 1340, Time: 00:03:04

Health: -2/30      AC:  3    Str: 13    XL:     3   Next: 93%
Magic:  6/6        EV: 11    Int: 14    God:
Gold:   94         SH:  0    Dex: 10    Spells: 1/6 levels left

rFire    . . .     SeeInvis .   a - +0 hand axe
rCold    . . .     Gourm    .   (no shield)
rNeg     . . .     Faith    .   b - +0 leather armour
rPois    .         Spirit   .   (no helmet)
rElec    .         Reflect  .   (no cloak)
rCorr    .         Harm     .   (no gloves)
MR       .....                  (no boots)
Stlth    +.........             (no amulet)
HPRegen  0.10/turn              (no ring)
MPRegen  0.10/turn              (no ring)

@: no status effects
A: no striking features
a: Convert to Beogh


You were on level 2 of the Dungeon.
You were not hungry.

You visited 1 branch of the dungeon, and saw 2 of its levels.

You collected 94 gold pieces.

Inventory:

Hand Weapons
 a - a +0 hand axe (weapon)
Armour
 b - a +0 leather armour (worn)
Jewellery
 f - a cursed -4 ring of strength {unknown}
 n - an uncursed ring of stealth {unknown}
Wands
 i - a wand of polymorph (8)
Scrolls
 c - 2 scrolls of identify {unknown}
 h - a scroll of remove curse {unknown}
 j - a scroll of amnesia {unknown}
 k - a scroll of teleportation {unknown}
 l - a scroll of fear {unknown}
 m - a scroll of magic mapping {unknown}
Potions
 e - a potion of heal wounds {unknown}
 g - 2 potions of degeneration {unknown}
 o - a potion of invisibility {unknown}
 p - a potion of might {unknown}
Comestibles
 d - 4 rations


   Skills:
 + Level 2.9 Fighting
 + Level 3.2 Axes
 + Level 1.8 Armour
 + Level 1.9 Dodging
 - Level 2.0 Spellcasting
 + Level 3.1 Charms


You had one spell level left.
You knew the following spells:

 Your Spells              Type           Power        Failure   Level  Hunger
a - Infusion              Chrm           ##..         9%          1    ##.....
b - Song of Slaying       Chrm           ##......     13%         2    ###....
c - Shroud of Golubria    Chrm/Tloc      #.........   24%         2    ###....

Your spell library contained the following spells:

 Spells                   Type           Power        Failure   Level  Hunger
 Regeneration             Chrm/Necr      #.........   43%         3    ####...
 Spectral Weapon          Hex/Chrm       #.......     43%         3    ####...


Dungeon Overview and Level Annotations

Branches:
Dungeon (2/15)

Altars:


Message History

The orc hits you from afar with a trident.
The orc hits you but does no damage. x2
Your leather armour prevents you from hitting the orc.
The orc is heavily wounded.
You hit the orc.
You kill the orc!
The orc hits you from afar with a trident!
* * * LOW HITPOINT WARNING * * *
The orc closely misses you.
You hit the orc.
You kill the orc!
The orc priest casts a cantrip, but nothing happens.
The orc priest looks satisfied for a moment.
The orc priest mumbles some strange prayers to Beogh against you.
Beogh smites you!
* * * LOW HITPOINT WARNING * * *
There is a stone staircase leading up here.
The orc priest mumbles some strange prayers to Beogh against you.
Beogh smites you!
You die... #o# #. #o# #.# # #.... #.# #.# #. #.8.o #o# #.# ##.# #.... #.# #.# #.. #.o. #.# #.# #.. #oo

##o#######.#### #.#
.#######......)......# #.#
...........oo...@.##.###.##
####..##.########.##.##...#######
##.##.### #.##..).#........
#.##.#..# #.#####...#######
#.##.#..#####.######.##
##.##.#...............#
####........#####.########
......#####.# #†# .###..#
#.#####.#


You could see an orc priest and 2 orcs.

Vanquished Creatures
  An ooze (D:1)
  A dart slug (D:1)
  A leopard gecko (D:1)
  2 orcs (D:2)
  2 giant cockroaches (D:1)
  3 goblins
  4 hobgoblins (D:1)
  8 jackals
  5 bats
  10 frilled lizards (D:1)
  5 kobolds
  2 rats (D:1)
44 creatures vanquished.

Notes
Turn   | Place    | Note
-------+----------+-------------------------------------------
     0 | D:1      | MalarOregon the Hill Orc Skald began the quest for the Orb.
     0 | D:1      | Reached XP level 1. HP: 18/18 MP: 3/3
    81 | D:1      | Reached XP level 2. HP: 25/25 MP: 4/4
   505 | D:1      | Reached XP level 3. HP: 22/30 MP: 5/5
  1024 | D:2      | Learned a level 2 spell: Song of Slaying
  1027 | D:2      | Learned a level 2 spell: Shroud of Golubria
  1340 | D:2      | Killed from afar by an orc priest

Skill      XL: |  1  2  3 |
---------------+----------+-----
Axes           | 3 |  3.2
Charms         | 3 |  3.1
Spellcasting   | 2 |  2.0
Fighting       | |  2.9
Armour         | |  1.8
Dodging        | |  1.9

Action                   || total
-------------------------++-------
Melee: Hand axe          ||   141
 Cast: Infusion          ||     1
       Shroud of Golubri ||     1
  Eat: Chunk             ||     2
Armor: Leather armour    ||    44
Dodge: Dodged            ||   103
